 Dungeon Crawl Stone Soup version 0.29.1-14-g9c671dbff4 (webtiles) character file.

Game seed: 16594370749244688927

3 Wobber the Insei (level 1, -1/13 HPs)
             Began as an Octopode Transmuter on Feb 14, 2023.
             Slain by a gnoll
             ... wielding a +0 club
              (9 damage)
             ... on level 1 of the Dungeon.
             The game lasted 00:00:38 (143 turns).

Wobber the Insei (Octopode Transmuter)               Turns: 143, Time: 00:00:41

Health: -1/13      AC:  1    Str:  9    XL:     1   Next: 50%
Magic:  2/3        EV: 13    Int: 15    God:
Gold:   16         SH:  0    Dex: 12    Spells: 3/4 levels left

rFire   . . .      SeeInvis .     - Unarmed
rCold   . . .      Faith    .   (no shield)
rNeg    . . .      Spirit   .   (helmet currently unavailable)
rPois   .          Reflect  .   (no amulet)
rElec   .          Harm     .   c - ring of wizardry
rCorr   .          Rampage  .   (no ring)
Will    .....                   (no ring)
Stlth   ++........              (no ring)
HPRegen 0.04/turn               (no ring)
MPRegen 0.08/turn               (no ring)
                                (no ring)
                                (no ring)

@: appendages (expiring)
A: tentacle spike 3, almost no armour, amphibious, 8 rings, camouflage 1,
gelatinous body 1, (nimble swimmer 1), tentacles
a: End Transformation


You were on level 1 of the Dungeon.
One of your tentacles had grown a beastly spike.
You visited 1 branch of the dungeon, and saw 1 of its levels.

You collected 16 gold pieces.

Inventory:

Missiles
 d - 6 poisoned darts
Jewellery
 c - a ring of wizardry (left tentacle)
Scrolls
 b - a scroll of teleportation {unknown}
 e - a scroll of enchant weapon {unknown}
Potions
 a - a potion of lignification


   Skills:
 - Level 1.0 Fighting
 - Level 2.0 Dodging
 - Level 3.0 Unarmed Combat
 - Level 2.0 Spellcasting
 + Level 2.3 Transmutations


You had 3 spell levels left.
You knew the following spells:

 Your Spells              Type           Power      Damage    Failure   Level
a - Beastly Appendage     Tmut           16%        N/A       3%          1

Your spell library contained the following spells:

 Spells                   Type           Power      Damage    Failure   Level
 Wereblood                Tmut           8%         N/A       5%          2
 Spider Form              Tmut/Pois      5%         N/A       16%         3
 Ice Form                 Ice/Tmut       5%         N/A       45%         4


Dungeon Overview and Level Annotations

Branches:
Dungeon (1/15)

Altars:


Innate Abilities, Weirdness & Mutations

One of your tentacles has grown a beastly spike.
You cannot wear most types of armour.
You are amphibious.
You can wear up to eight rings at the same time.
Your skin changes colour to match your surroundings (Stealth+).
Your rubbery body absorbs attacks. (AC +1, EV +1)
((You are camouflaged when in or above water. (Stealth+)))
You have tentacles for arms and can constrict up to eight enemies at once.


Message History

The bat barely misses you.
Found 6 gold pieces.
The bat hits you but does no damage. The bat closely misses you.
You closely miss the bat. Your grab misses the bat.
You pierce the bat.
You kill the bat!
Found a scroll labelled CEARIZ URIOBB.
Found a faded altar of an unknown god.
e - a scroll labelled SAGUAS APLIE Your transformation is almost over.
Magic restored.
Your tentacle spike disappears.
You now have 16 gold pieces (gained 6).
A ball python comes into view.
One of your tentacles grows a vicious spike.
A bat comes into view.
A gnoll comes into view. It is wielding a +0 club.
Found a fuming pink potion and a lumpy purple potion.
The gnoll shouts!
The bat barely misses you.
You closely miss the ball python. Your grab misses the ball python.
Your tentacle-slap misses the ball python.
The bat hits you but does no damage. The ball python bites you.
The ball python barely misses you.
You barely miss the ball python. Your grab misses the ball python.
You pierce the ball python, but do no damage.
The ball python misses you. The ball python barely misses you.
The bat hits you. The bat misses you. The ball python closely misses you.
The ball python barely misses you.
You tentacle-slap the bat.
You kill the bat!
The ball python completely misses you. The ball python closely misses you.
You closely miss the ball python. Your grab misses the ball python.
Your squeeze misses the ball python. The ball python bites you.
The ball python barely misses you.
You closely miss the ball python. You grab the ball python.
You pierce the ball python.
You squeeze the ball python.
You kill the ball python!
Your transformation is almost over.
The gnoll hits you with a +0 club!
Ouch! That really hurt!
You die...

# ## #. ## ##### .!.
#. .#
.....##......#.###.#
...........#.!.....#
...........#...†g..#
..........######@..#
8......PP.#_#..#...#
.♣.....PP.#.#..#...#
.....#..P#PP.P..?.##
.....#...#PP...PP.#
.....#...#PP.⌠.P..#
######...#PPP.P...#
.#####.P#......P.P#
........#...P~..P.#


You could see a gnoll.

Vanquished Creatures
  A ball python (D:1)
  A hobgoblin (D:1)
  2 bats (D:1)
4 creatures vanquished.

Notes
Turn   | Place    | Note
-------+----------+-------------------------------------------
     0 | D:1      | Wobber the Octopode Transmuter began the quest for the Orb.
     0 | D:1      | Reached XP level 1. HP: 13/13 MP: 3/3
   109 | D:1      | Found a faded altar of an unknown god.
   143 | D:1      | Slain by a gnoll

Illustrated notes

Levels and vault maps discovered:
D:1:      wander_arrival_lonely_grave, layout_basic,
          shapermc_ecumenical_altar_mp_ritualfount

Action                   || total
-------------------------++-------
Melee: Unarmed           ||     9
       Kick              ||     3
       Constrict         ||     2
       Tentacles         ||     1
 Cast: Beastly Appendage ||     2
Armor: Skin              ||     2
Dodge: Dodged            ||    16
